← All builds
Tech / Armada / Economy first / OBSERVED BUILD

Standard tech

Armada Tech (Eco) build order · Supreme Isthmus

Rushes T2 by 4:15, gets Advanced Metal Extractor around 5:28, hands off T2 constructors to Geo and the team, then scales eco and supplies the team's T2 needs through the rest of the game.

Usually first T2 con to Geo (83%)

#eco #t2 #team support · 1574 distinct matches · 255 players · 58% of Armada Tech games · team won 53% of 1868 · Recently observed

HOW TO PLAY IT

Key timing: T2 factory by 4:15

  1. Open 3 mex and heavy wind to fund a fast T2 rush.
  2. Put down Bot Lab, planning to eat it for reclaim soon after.
  3. Get Advanced Bot Lab up, hitting the T2 factory rush timing.
  4. Upgrade mex to Advanced Metal Extractor to lock in team metal income.
  5. Eat Advanced Bot Lab and keep sending cons to Geo and Pond.

Phase by phase

TYPICAL OF ITS 1574 GAMES
  1. 1
  2. 2
  3. 3
  4. 4
PLAY THE OPENING

Follow the example game's first 6:00 step by step: what to build now, what comes next, and where it goes. At 1× it keeps pace with your own game.

  1. 1

    Up to the Bot Lab

    Economy
    • Metal Extractor3Mex
    • Wind Turbine4Wind
    Order
    1. Bot LabBot Lab after 3 mex, 4 winddone ~1:18, middle half 1:13–1:32

    Some games also: energy storage (31%)

    By 1:01 in all: 3 mex · 4 wind

    The example game in this phase · 3 steps
    1. Mex ×3
    2. Wind ×2
    3. Bot LabBot Labdone 1:08 · typical 1:18
  2. 2

    Bot Lab to Advanced Bot Lab

    Economy
    • Metal Extractor1Mex
    • Wind Turbine8Wind
    • Energy Storage1Energy storage
    Order
    1. Advanced Bot LabAdvanced Bot Lab after 4 mex, 12 wind, 3 con turretdone ~4:16, middle half 4:04–4:30
    Builders
    • Construction Turret3 Con turret
    • Lazarus3 Lazarus
    • Construction Bot2 Con bot
    • Construction Bot1 Con bot for allies

    Some games also: converter (36%)

    By 3:18 in all: 4 mex · 12 wind · 1 energy storage · 3 con turret

    The example game in this phase · 14 steps
    1. Wind ×3
    2. LazarusLazarus
    3. Wind ×3
    4. Construction BotCon bot
    5. Con turret
    6. Energy storage
    7. LazarusLazarus
    8. Wind
    9. Construction BotCon botfor Air
    10. Mex
    11. Wind
    12. Con turret
    13. Wind ×4
    14. Advanced Bot LabAdvanced Bot Labdone 3:59 · typical 4:16
  3. 3

    Advanced Bot Lab to 5:00

    Economy
    • Wind Turbine3Wind
    Order
    1. Bot LabEat Bot Lab
    Builders
    • Advanced Construction Bot1 T2 con bot for allies

    Some games also: converter (35%)

    By 5:00 in all: 4 mex · 15 wind · 1 converter · 1 energy storage · 3 con turret

    The example game in this phase · 5 steps
    1. Bot LabEat Bot Labreclaimed for its metal
    2. Advanced Construction BotT2 con botfor Geo
    3. FatboyFatboyfor Ponddone 4:58
    4. Advanced Metal ExtractorT2 mexdone 4:49 · typical 5:29
    5. Advanced Construction BotT2 con botfor Pond
  4. 4

    5:00 to 10:00

    Economy
    • Wind Turbine43Wind
    • Energy Converter6Converter
    Builders
    • Butler9 Butler
    • Advanced Construction Bot4 T2 con bot for allies
    • Advanced Construction Bot1 T2 con bot

    Some games also: con turret (43%) · Butler for allies (37%)

    By 10:00 in all: 4 mex · 58 wind · 8 converter · 1 energy storage · 3 con turret

    The example game in this phase · 228 steps
    1. Advanced Metal ExtractorT2 mex ×2
    2. Advanced Construction BotT2 con bot ×2for Air
    3. ButlerButler ×2
    4. Advanced Metal ExtractorT2 mex
    5. ButlerButler
    6. Advanced Construction BotT2 con botfor Geo sea
    7. ButlerButler ×2
    8. Wind ×2
    9. ButlerButler
    10. Wind ×8
    11. ButlerButler
    12. Wind ×2
    13. ButlerButler
    14. Wind ×3
    15. ButlerButler
    16. Wind ×3
    17. ButlerButler
    18. Wind ×2
    19. ButlerButlerfor Geo sea
    20. Wind
    21. NettleNettle
    22. Wind
    23. NettleNettle
    24. ButlerButler
    25. Wind ×2
    26. NettleNettle
    27. Wind ×2
    28. ButlerButlerfor Geo sea
    29. Wind ×3
    30. ButlerButler
    31. Wind
    32. Converter
    33. Wind ×2
    34. ButlerButler
    35. Converter
    36. Wind ×3
    37. Converter
    38. Wind ×2
    39. Converter
    40. Wind ×3
    41. Converter
    42. Wind ×2
    43. Converter
    44. Wind ×3
    45. Converter
    46. Wind ×2
    47. Converter
    48. Wind ×4
    49. Converter
    50. Metal storage
    51. Wind ×2
    52. Converter
    53. Wind ×2
    54. Con turret
    55. Wind ×2
    56. Converter
    57. Wind ×3
    58. Advanced Construction BotT2 con bot
    59. Converter
    60. Wind
    61. Con turret
    62. Wind ×2
    63. Converter
    64. Wind ×3
    65. Converter
    66. Wind ×2
    67. Con turret
    68. Wind ×2
    69. Converter
    70. Wind ×3
    71. Con turret
    72. Converter
    73. Wind ×3
    74. Con turret
    75. Wind
    76. Converter
    77. Wind ×2
    78. Con turret
    79. Wind
    80. Converter
    81. Wind ×4
    82. Con turret
    83. Converter
    84. Wind ×3
    85. Con turret
    86. Wind ×2
    87. Converter
    88. Wind ×4
    89. Converter
    90. Aircraft PlantAircraft Plantdone 11:14
    91. Wind ×3
    92. Advanced Bot LabEat Advanced Bot Labreclaimed for its metal
    93. Converter
    94. Wind ×2
    95. ShurikenShuriken
    96. Wind
    97. ShurikenShuriken
    98. Wind
    99. Converter
    100. ShurikenShuriken
    101. Wind
    102. ShurikenShuriken
    103. Wind
    104. ShurikenShuriken
    105. Wind
    106. ShurikenShuriken
    107. Wind
    108. Converter
    109. ShurikenShuriken ×2
    110. Wind ×2
    111. ShurikenShuriken
    112. Wind
    113. ShurikenShuriken
    114. Converter
    115. ShurikenShuriken
    116. Wind ×2
    117. ShurikenShuriken
    118. Wind
    119. ShurikenShuriken
    120. Wind
    121. ShurikenShuriken
    122. Converter
    123. ShurikenShuriken
    124. Wind ×2
    125. ShurikenShuriken
    126. Wind
    127. ShurikenShuriken ×2
    128. Wind
    129. Converter
    130. ShurikenShuriken
    131. Wind ×2
    132. ShurikenShuriken
    133. Wind
    134. ShurikenShuriken ×2
    135. Converter
    136. Wind
    137. ShurikenShuriken
    138. Wind ×2
    139. ShurikenShuriken ×2
    140. Wind
    141. Converter
    142. ShurikenShuriken
    143. Wind ×2
    144. ShurikenShuriken ×2
    145. Wind
    146. ShurikenShuriken
    147. Converter
    148. Wind ×2
    149. ShurikenShuriken
    150. Wind
    151. ShurikenShuriken
    152. Aircraft PlantEat Aircraft Plantreclaimed for its metal
    153. Wind ×3
    154. Fusion ReactorFusiondone 12:31
    155. Converter
    156. Wind ×5
    157. Converter
    158. Wind ×2
    159. Converter
    160. Wind ×4
    161. Converter
    162. Wind ×4
    163. Converter
    164. Wind ×4
    165. Converter
    166. Wind ×4
    167. Converter
    168. Wind ×2
    169. T2 converter
    170. Wind
    171. Converter
    172. Wind ×3
    173. Converter
    174. Wind ×4
    175. Converter
    176. Wind ×2
    177. T2 converter
    178. Wind ×2
    179. Converter
    180. Wind ×4
    181. Converter
    182. Wind ×3
    183. Converter
    184. Wind ×4
    185. Converter
    186. Wind ×3
    187. CitadelAnti-nukedone 13:50
    188. Wind ×2
    189. Converter
    190. Wind ×3
    191. Converter
    192. Wind ×4
    193. Converter
    194. Wind ×3
    195. Converter
    196. Wind ×4
    197. Converter
    198. Wind ×3
    199. TracerTracer
    200. Wind
    201. Converter
    202. Wind ×4
    203. Converter
    204. Wind ×4
    205. Converter
    206. Wind ×3
    207. Converter
    208. Wind ×3
    209. Converter
    210. Wind ×4
    211. Converter
    212. Wind ×2
    213. Advanced Bot LabAdvanced Bot Labdone 14:35
    214. Wind ×2
    215. Converter
    216. Wind ×4
    217. Converter
    218. Wind ×4
    219. Converter
    220. Wind ×4
    221. Converter
    222. Wind ×4
    223. Converter
    224. PlatypusPlatypus
    225. Wind ×3
    226. PlatypusPlatypus
    227. Wind
    228. Converter

Counts are medians over the build's games: half of them build more, half fewer. The example game is Afussy's (34 OS, 13/10/2026); pick another.

Team trades

IN AT LEAST 30% OF ITS GAMES

You hand over

  • Construction Bot1 Con bot to Airfirst at 2:24 · in 84% of games
  • Advanced Construction Bot5 T2 con bot to Air or Geo sea or Pondfirst at 4:50 · in 99% of games
  • Butler2 Butler to Geo sea or Beach sea or Pondfirst at 9:07 · in 42% of games

You get

  • Hercules1 Light transport from Airfirst at 4:01 · in 86% of games

How it plays out

Typical game of this build, running totals by minute

Metal produced

020k40k
0:005:0010:0015:00

metal

Enemy metal destroyed

050100
0:005:0010:0015:00

metal

Own metal lost

050100150
0:005:0010:0015:00

metal

1868 games.

Show as table
ByMetal produced: This buildEnemy metal destroyed: This buildOwn metal lost: This build
1:0038300
2:0091500
3:00165100
4:00314300
5:00484800
6:00580000
7:00722700
8:00906100
9:001116900
10:001350200
11:001623900
12:001965200
13:002344100
14:0027357074
15:003153885130
WHAT THE NUMBERS SAY

Standard Tech play barely fights at all early, instead pouring metal into T2 infrastructure and constructors for the team.

  • + Metal produced hits 31679 by 15:00, by far the highest of any role here.
  • + T2 factory reached in 97% of games by 4:15, fastest and most reliable T2 timing.
  • − Enemy metal destroyed stays at 0 through 10:00, no early offense at all.
  • − Own metal lost also near 0, showing total avoidance of combat risk.
THE EXAMPLE YOU ARE READING

Afussy

33.7 OS · 13/10/2026

Open source match ↗

3 received units · includes a constructor
4447 metal received · 57183 energy received

Allied construction assistance is unknown. Timings are observations, not a promise of solo reproducibility.

Typical milestones

Bot Lab1:18Middle 50%: 1:13–1:32 · n=1868
Advanced Bot Lab4:16Middle 50%: 4:04–4:30 · n=1861
Advanced Metal Extractor5:29Middle 50%: 5:06–5:59 · n=1864

Played most by

Amrissa93games of this buildTheGeneraI66games of this buildAdeus57games of this buildEl_Turco56games of this buildKOT_43games of this build